| TOP OF THE 1ST |
|
Detroit Tigers batting - Pitching for Seattle Mariners : RHP Bob Moose
|
|
Pitching: RHP Bob Moose
|
|
|
Batting: SHB Lee Mazzilli
|
0-0: Ball 1-0: Swinging Strike 1-1: Ball 2-1: Ground out 4-3 (Groundball, 4, EV 78.1 MPH)
|
|
Batting: SHB Raul Gonzalez
|
0-0: Foul Ball, location: 2F 0-1: Foul Ball, location: 2F 0-2: Ball 1-2: Strikes out swinging
|
|
Batting: SHB Tony Phillips
|
0-0: Ball 1-0: Ball 2-0: Called Strike 2-1: Foul Ball, location: 2F 2-2: Fly out, F7 (Flyball, 78D, EV 94.4 MPH)
|
| Top of the 1st over - 0 runs, 0 hits, 0 errors, 0 left on base; Detroit 0 - Seattle 0 |
| BOTTOM OF THE 1ST |
|
Seattle Mariners batting - Pitching for Detroit Tigers : RHP Matt Wiseman
|
|
Pitching: RHP Matt Wiseman
|
|
|
Batting: SHB Miguel Dilone
|
0-0: Called Strike 0-1: Ball 1-1: Ball 2-1: Foul Ball, location: 2F 2-2: Foul Ball, location: 2F 2-2: SINGLE (Line Drive, 6MD, EV 104.4 MPH)
|
|
Batting: LHB Jose Perales
|
0-0: Called Strike 0-1: Foul Ball, location: 2F 0-2: Ball 1-2: DOUBLE (Groundball, 3L, EV 101.9 MPH) Miguel Dilone to third Runner from 3rd tries for Home, SAFE, no throw by RF
|
|
Batting: RHB Robin Yount
|
0-0: Called Strike 0-1: Ground out 6-3 (Groundball, 6S, EV 68.8 MPH) Jose Perales to third
|
|
Batting: LHB Don Mattingly
|
0-0: Ball 1-0: SINGLE (Groundball, 3D, EV 102.5 MPH) Jose Perales scores
|
|
Batting: LHB Chris Wynn
|
0-0: Foul Ball, location: 2F 0-1: Ball 1-1: Ball 2-1: Swinging Strike 2-2: Ball 3-2: Foul Ball, location: 2F 3-2: SINGLE (Groundball, 34D, EV 105.6 MPH) Don Mattingly to second Runner from 2nd tries for 3rd, SAFE, throw by RF made to third
|
|
Batting: LHB Mike Stenhouse
|
0-0: Ball 1-0: Called Strike 1-1: Ball 2-1: Foul Ball, location: 2F 2-2: Ball 3-2: Grounds into double play, 5-4-3 (Groundball, 25, EV 88.8 MPH)
|
| Bottom of the 1st over - 2 runs, 4 hits, 0 errors, 1 left on base; Detroit 0 - Seattle 2 |
| TOP OF THE 2ND |
|
Detroit Tigers batting - Pitching for Seattle Mariners : RHP Bob Moose
|
|
Batting: RHB Dave Kingman
|
0-0: Ball 1-0: Called Strike 1-1: Called Strike 1-2: Ball 2-2: Fly out, F8 (Flyball, 8RD, EV 73.1 MPH)
|
|
Batting: RHB Larry Parrish
|
0-0: Ball 1-0: Swinging Strike 1-1: Swinging Strike 1-2: Foul Ball, location: 2F 1-2: Strikes out swinging
|
|
Batting: RHB Keith Moreland
|
0-0: Ball 1-0: Ball 2-0: Foul Ball, location: 2F 2-1: Foul Ball, location: 2F 2-2: Ball 3-2: Ground out 4-3 (Groundball, 4, EV 88.1 MPH)
|
| Top of the 2nd over - 0 runs, 0 hits, 0 errors, 0 left on base; Detroit 0 - Seattle 2 |
| BOTTOM OF THE 2ND |
|
Seattle Mariners batting - Pitching for Detroit Tigers : RHP Matt Wiseman
|
|
Batting: RHB Tony Conigliaro
|
0-0: Foul Ball, location: 2F 0-1: Swinging Strike 0-2: Ball 1-2: Strikes out swinging
|
|
Batting: RHB Ryne Sandberg
|
0-0: Fly out, F9 (Flyball, 89D, EV 89.4 MPH)
|
|
Batting: RHB Ken Reitz
|
0-0: Swinging Strike 0-1: Ball 1-1: Ball 2-1: Ball 3-1: Base on Balls
|
|
Batting: SHB Miguel Dilone
|
0-0: Ball 1-0: Called Strike 1-1: Ball 2-1: Called Strike 2-2: Ground out 4-3 (Groundball, 34, EV 80.0 MPH)
|
| Bottom of the 2nd over - 0 runs, 0 hits, 0 errors, 1 left on base; Detroit 0 - Seattle 2 |
| TOP OF THE 3RD |
|
Detroit Tigers batting - Pitching for Seattle Mariners : RHP Bob Moose
|
|
Batting: RHB Andre Thornton
|
0-0: Foul Ball, location: 2F 0-1: Fly out, F8 (Flyball, 8RS, EV 73.1 MPH)
|
|
Batting: RHB Joey McEndree
|
0-0: Ball 1-0: Fly out, F7 (Line Drive, 7, EV 92.5 MPH)
|
|
Batting: RHB Jose Hidalgo
|
0-0: Called Strike 0-1: Ball 1-1: Fly out, F9 (Flyball, 89XD, EV 76.9 MPH)
|
| Top of the 3rd over - 0 runs, 0 hits, 0 errors, 0 left on base; Detroit 0 - Seattle 2 |
| BOTTOM OF THE 3RD |
|
Seattle Mariners batting - Pitching for Detroit Tigers : RHP Matt Wiseman
|
|
Batting: LHB Jose Perales
|
0-0: Called Strike 0-1: Ground out 5-3 (Groundball, 56, EV 86.9 MPH)
|
|
Batting: RHB Robin Yount
|
0-0: Swinging Strike 0-1: Swinging Strike 0-2: Ball 1-2: Foul Ball, location: 2F 1-2: Ball 2-2: Ball 3-2: Foul Ball, location: 2F 3-2: Strikes out looking
|
|
Batting: LHB Don Mattingly
|
0-0: Called Strike 0-1: Fly out, F8 (Flyball, 8RM, EV 83.1 MPH)
|
| Bottom of the 3rd over - 0 runs, 0 hits, 0 errors, 0 left on base; Detroit 0 - Seattle 2 |
| TOP OF THE 4TH |
|
Detroit Tigers batting - Pitching for Seattle Mariners : RHP Bob Moose
|
|
Batting: SHB Lee Mazzilli
|
0-0: Swinging Strike 0-1: Ground out 4-3 (Groundball, 4, EV 85.0 MPH)
|
|
Batting: SHB Raul Gonzalez
|
0-0: Ball 1-0: Called Strike 1-1: Ball 2-1: Foul Ball, location: 2F 2-2: Foul Ball, location: 2F 2-2: Ball 3-2: Foul Ball, location: 2F 3-2: Fly out, F8 (Flyball, 8RD, EV 104.4 MPH)
|
|
Batting: SHB Tony Phillips
|
0-0: Called Strike 0-1: Swinging Strike 0-2: Foul Ball, location: 2F 0-2: Foul Ball, location: 2F 0-2: Ball 1-2: Fly out, F5 (Popup, 5F, EV 73.8 MPH)
|
| Top of the 4th over - 0 runs, 0 hits, 0 errors, 0 left on base; Detroit 0 - Seattle 2 |
| BOTTOM OF THE 4TH |
|
Seattle Mariners batting - Pitching for Detroit Tigers : RHP Matt Wiseman
|
|
Batting: LHB Chris Wynn
|
0-0: Ball 1-0: Called Strike 1-1: Ball 2-1: Ball 3-1: Base on Balls
|
|
Batting: LHB Mike Stenhouse
|
0-0: Fly out, F8 (Flyball, 78D, EV 93.8 MPH)
|
|
Batting: RHB Tony Conigliaro
|
0-0: Ball 1-0: 2-RUN HOME RUN (Line Drive, 78XD, EV 100.0 MPH), Distance : 432 ft
|
|
Batting: RHB Ryne Sandberg
|
0-0: Fly out, F8 (Line Drive, 8RM, EV 100.0 MPH)
|
|
Batting: RHB Ken Reitz
|
0-0: Foul Ball, location: 2F 0-1: Ground out 3-1 (Groundball, 34S, EV 87.5 MPH)
|
| Bottom of the 4th over - 2 runs, 1 hit, 0 errors, 0 left on base; Detroit 0 - Seattle 4 |
| TOP OF THE 5TH |
|
Detroit Tigers batting - Pitching for Seattle Mariners : RHP Bob Moose
|
|
Batting: RHB Dave Kingman
|
0-0: Fly out, F9 (Flyball, 9LD, EV 100.0 MPH)
|
|
Batting: RHB Larry Parrish
|
0-0: Called Strike 0-1: Called Strike 0-2: Ball 1-2: SINGLE (Line Drive, 56D, EV 112.5 MPH)
|
|
Batting: RHB Keith Moreland
|
0-0: Ball 1-0: Fly out, F8 (Line Drive, 8RM, EV 99.4 MPH)
|
|
Batting: RHB Andre Thornton
|
0-0: Ball 1-0: Foul Ball, location: 2F 1-1: Foul Ball, location: 2F 1-2: Foul Ball, location: 2F 1-2: Ground out 4-3 (Groundball, 4, EV 80.6 MPH)
|
| Top of the 5th over - 0 runs, 1 hit, 0 errors, 1 left on base; Detroit 0 - Seattle 4 |
| BOTTOM OF THE 5TH |
|
Seattle Mariners batting - Pitching for Detroit Tigers : RHP Matt Wiseman
|
|
Batting: SHB Miguel Dilone
|
0-0: Ball 1-0: SINGLE (Line Drive, 9S, EV 104.4 MPH)
|
|
Batting: LHB Jose Perales
|
0-0: Ball Miguel Dilone steals 2nd base 1-0: Ball 2-0: Foul Ball, location: 2F 2-1: Bunted foul 2-2: Ball 3-2: Fly out, F7 (Line Drive, 7, EV 102.5 MPH)
|
|
Batting: RHB Robin Yount
|
0-0: Ground out 3-1 (Groundball, 34, EV 91.3 MPH) Miguel Dilone to third
|
|
Batting: LHB Don Mattingly
|
0-0: Intentional Walk
|
|
Batting: LHB Chris Wynn
|
0-0: Ball 1-0: Ball 2-0: 3-RUN HOME RUN (Flyball, 7D, EV 100.0 MPH), Distance : 389 ft
|
|
Pitching: LHP Dave McNally
|
|
|
Batting: LHB Mike Stenhouse
|
0-0: Called Strike 0-1: Ball 1-1: Ball 2-1: Swinging Strike 2-2: Strikes out looking
|
| Bottom of the 5th over - 3 runs, 2 hits, 0 errors, 0 left on base; Detroit 0 - Seattle 7 |
| TOP OF THE 6TH |
|
Detroit Tigers batting - Pitching for Seattle Mariners : RHP Bob Moose
|
|
Batting: RHB Joey McEndree
|
0-0: Ground out 6-3 (Groundball, 56D, EV 106.9 MPH)
|
|
Batting: RHB Jose Hidalgo
|
0-0: Reached via error on a dropped throw from 1B, E1 (Groundball, 34, EV 103.1 MPH)
|
|
Batting: SHB Lee Mazzilli
|
0-0: Called Strike Jose Hidalgo steals 2nd base 0-1: Fly out, F9 (Line Drive, 9, EV 103.1 MPH)
|
|
Batting: SHB Raul Gonzalez
|
0-0: Ball 1-0: Foul Ball, location: 2F 1-1: Foul Ball, location: 2F 1-2: Strikes out looking
|
| Top of the 6th over - 0 runs, 0 hits, 1 error, 1 left on base; Detroit 0 - Seattle 7 |
| BOTTOM OF THE 6TH |
|
Seattle Mariners batting - Pitching for Detroit Tigers : LHP Dave McNally
|
|
Batting: RHB Tony Conigliaro
|
0-0: Ball 1-0: Swinging Strike 1-1: Ball 2-1: Ball 3-1: Swinging Strike 3-2: Fly out, F7 (Line Drive, 7, EV 85.6 MPH)
|
|
Batting: RHB Ryne Sandberg
|
0-0: Ball 1-0: Fly out, F9 (Line Drive, 9D, EV 85.0 MPH)
|
|
Batting: RHB Ken Reitz
|
0-0: Ball 1-0: Ball 2-0: Foul Ball, location: 2F 2-1: Called Strike 2-2: Strikes out swinging
|
| Bottom of the 6th over - 0 runs, 0 hits, 0 errors, 0 left on base; Detroit 0 - Seattle 7 |
| TOP OF THE 7TH |
|
Detroit Tigers batting - Pitching for Seattle Mariners : RHP Bob Moose
|
|
Batting: SHB Tony Phillips
|
0-0: SINGLE (Line Drive, 34D, EV 100.6 MPH)
|
|
Batting: RHB Dave Kingman
|
0-0: Foul Ball, location: 2F 0-1: Swinging Strike 0-2: Fly out, F7 (Flyball, 7LD, EV 96.3 MPH)
|
|
Batting: RHB Larry Parrish
|
0-0: Called Strike 0-1: Fielders Choice at 2nd, 6-4 (Groundball, 6, EV 81.3 MPH)
|
|
Batting: RHB Keith Moreland
|
0-0: Called Strike Larry Parrish steals 2nd, throwing error, E2 Larry Parrish to third 0-1: Ball 1-1: Ball 2-1: DOUBLE (Flyball, 78XD, EV 105.0 MPH) Larry Parrish scores
|
|
Batting: RHB Andre Thornton
|
0-0: Called Strike 0-1: Swinging Strike 0-2: Ball 1-2: Ball 2-2: SINGLE (Line Drive, 9LS, EV 106.9 MPH) Keith Moreland to third Runner from 3rd tries for Home, SAFE, throw by RF to home
|
|
Batting: RHB Joey McEndree
|
0-0: Foul Ball, location: 2F 0-1: Called Strike 0-2: Ball 1-2: DOUBLE (Flyball, 8RXD, EV 109.4 MPH) Andre Thornton to third Runner from 3rd tries for Home, SAFE, throw by CF to home
|
|
Batting: RHB Jose Hidalgo
|
0-0: Ball 1-0: Ball 2-0: Called Strike 2-1: Fly out, F8 (Flyball, 8RXD, EV 102.5 MPH)
|
| Top of the 7th over - 3 runs, 4 hits, 1 error, 1 left on base; Detroit 3 - Seattle 7 |
| BOTTOM OF THE 7TH |
|
Seattle Mariners batting - Pitching for Detroit Tigers : LHP Dave McNally
|
|
Batting: SHB Miguel Dilone
|
0-0: Foul Ball, location: 2F 0-1: Called Strike 0-2: Ball 1-2: Ball 2-2: Ground out 6-3 (Groundball, 6, EV 80.6 MPH)
|
|
Batting: LHB Jose Perales
|
0-0: Called Strike 0-1: Ball 1-1: Called Strike 1-2: Ball 2-2: Ball 3-2: SINGLE (Groundball, 34D, EV 105.6 MPH) (infield hit)
|
|
Batting: RHB Robin Yount
|
0-0: Ball Jose Perales is caught stealing 2nd base 2-4 1-0: Called Strike 1-1: Foul Ball, location: 2F 1-2: Ball 2-2: Ball 3-2: SINGLE (Groundball, 6MD, EV 106.9 MPH)
|
|
Batting: LHB Don Mattingly
|
0-0: Ball 1-0: Ball Robin Yount steals 2nd base 2-0: Intentional Walk
|
|
Batting: LHB Chris Wynn
|
0-0: Fly out, F7 (Line Drive, 7D, EV 103.1 MPH)
|
| Bottom of the 7th over - 0 runs, 2 hits, 0 errors, 2 left on base; Detroit 3 - Seattle 7 |
| TOP OF THE 8TH |
|
Detroit Tigers batting - Pitching for Seattle Mariners : RHP Bob Moose
|
|
Batting: SHB Lee Mazzilli
|
0-0: Ball 1-0: Called Strike 1-1: Foul Ball, location: 2F 1-2: Ground out U3 (Groundball, 34S, EV 83.1 MPH)
|
|
Batting: SHB Raul Gonzalez
|
0-0: Ball 1-0: Ground out 6-3 (Groundball, 6, EV 103.8 MPH)
|
|
Batting: SHB Tony Phillips
|
0-0: Called Strike 0-1: SINGLE (Groundball, 3S, EV 70.6 MPH) (infield hit)
|
|
Batting: RHB Dave Kingman
|
0-0: Swinging Strike 0-1: Called Strike 0-2: Fly out, F9 (Flyball, 9, EV 86.3 MPH)
|
| Top of the 8th over - 0 runs, 1 hit, 0 errors, 1 left on base; Detroit 3 - Seattle 7 |
| BOTTOM OF THE 8TH |
|
Seattle Mariners batting - Pitching for Detroit Tigers : LHP Dave McNally
|
|
Batting: LHB Mike Stenhouse
|
0-0: SOLO HOME RUN (Line Drive, 9D, EV 106.9 MPH), Distance : 398 ft
|
|
Batting: RHB Tony Conigliaro
|
0-0: Ball 1-0: Ball 2-0: Ball 3-0: Swinging Strike 3-1: Called Strike 3-2: SOLO HOME RUN (Flyball, 78XD, EV 89.4 MPH), Distance : 411 ft
|
|
Batting: RHB Ryne Sandberg
|
0-0: Ball 1-0: Ball 2-0: Ball 3-0: Base on Balls
|
|
Batting: RHB Ken Reitz
|
0-0: Swinging Strike 0-1: Ball 1-1: Fly out, F9 (Line Drive, 9D, EV 86.3 MPH)
|
|
Pitching: RHP Santo Alcala
|
|
|
Batting: SHB Miguel Dilone
|
0-0: Ball 1-0: Called Strike 1-1: Ball 2-1: Foul Ball, location: 2F 2-2: Foul Ball, location: 2F 2-2: Ball 3-2: Foul Ball, location: 2F 3-2: Foul Ball, location: 2F 3-2: Grounds into double play, 6-4-3 (Groundball, 6, EV 86.9 MPH)
|
| Bottom of the 8th over - 2 runs, 2 hits, 0 errors, 0 left on base; Detroit 3 - Seattle 9 |
| TOP OF THE 9TH |
|
Detroit Tigers batting - Pitching for Seattle Mariners : RHP Bob Moose
|
|
Batting: RHB Larry Parrish
|
0-0: Ball 1-0: Foul Ball, location: 2F 1-1: Called Strike 1-2: Foul Ball, location: 2F 1-2: SINGLE (Line Drive, 89S, EV 94.4 MPH)
|
|
Pitching: RHP Nick Bowditch
|
|
|
Batting: RHB Keith Moreland
|
0-0: Ball 1-0: Foul Ball, location: 2F 1-1: Swinging Strike 1-2: Strikes out swinging
|
|
Batting: RHB Andre Thornton
|
0-0: Ball 1-0: Swinging Strike 1-1: SINGLE (Groundball, 6MD, EV 110.0 MPH) Larry Parrish to second
|
|
Batting: RHB Joey McEndree
|
0-0: Grounds into double play, 5-4-3 (Groundball, 56, EV 105.0 MPH)
|
| Top of the 9th over - 0 runs, 2 hits, 0 errors, 1 left on base; Detroit 3 - Seattle 9 |
|